 Dungeon Crawl Stone Soup version 0.21.1-1-g345015f (webtiles) character file.

123 lotte the Caller (level 4, -3/24 HPs)
             Began as a Deep Elf Summoner on July 2, 2018.
             Slain by Crazy Yiuf
             ... wielding a +4 quarterstaff of chaos
              (7 damage)
             ... on level 3 of the Dungeon.
             The game lasted 00:17:21 (3277 turns).

lotte the Caller (Deep Elf Summoner)                Turns: 3277, Time: 00:17:22

Health: -3/24      AC:  2    Str:  3 (5)  XL:     4   Next: 80%
Magic:  3/12       EV: 13    Int: 20 (21) God:
Gold:   77         SH:  0    Dex: 12 (15) Spells: 5/12 levels left

rFire    . . .     SeeInvis .   g - -2 dagger (curse)
rCold    . . .     Gourm    .   (no shield)
rNeg     . . .     Faith    .   a - +0 robe
rPois    .         Spirit   .   (no helmet)
rElec    .         Reflect  .   (no cloak)
rCorr    .         Harm     .   (no gloves)
MR       .....                  (no boots)
Stlth    ++........             (no amulet)
HPRegen  0.08/turn              (no ring)
MPRegen  0.13/turn              (no ring)

@: no status effects
A: no striking features
a: no special abilities


You were on level 3 of the Dungeon.
You were not hungry.

You visited 1 branch of the dungeon, and saw 4 of its levels.

You collected 77 gold pieces.

Inventory:

Hand Weapons
 g - a cursed -2 dagger (weapon)
Armour
 a - a +0 robe (worn)
 t - a +1 buckler of protection
Wands
 f - a wand of flame (17)
 o - a wand of clouds (5)
Scrolls
 e - 2 scrolls of enchant armour {unknown}
 h - a scroll of teleportation {unknown}
 j - 2 scrolls of enchant weapon {unknown}
 k - a scroll of magic mapping {unknown}
 m - a scroll of immolation {unknown}
 n - a scroll of remove curse {unknown}
 r - a scroll of noise {unknown}
 u - 3 scrolls of identify {unknown}
Potions
 d - a potion of degeneration
 i - a potion of curing
 l - a potion of cancellation {unknown}
 p - a potion of ambrosia {unknown}
 q - a potion of brilliance {unknown}
Books
 b - a book of Callings

   Spells                             Type                      Level
   a - Summon Small Mammal            Summoning                    1
   b - Call Imp                       Summoning                    2
   c - Call Canine Familiar           Summoning                    3
   d - Summon Guardian Golem          Hexes/Summoning              3
   e - Summon Lightning Spire         Summoning/Air                4
   f - Summon Ice Beast               Ice/Summoning                4
Comestibles
 c - 3 rations


   Skills:
 + Level 4.0 Dodging
 - Level 2.4 Stealth
 + Level 4.6 Spellcasting
 + Level 5.3 Summonings


You had 5 spell levels left.
You knew the following spells:

 Your Spells              Type           Power        Failure   Level  Hunger
a - Summon Small Mammal   Summ           ####         1%          1    None
b - Call Imp              Summ           ####....     1%          2    #......
c - Summon Ice Beast      Ice/Summ       ###.....     38%         4    ####...


Dungeon Overview and Level Annotations

Branches:
Dungeon (4/15)
 Temple: D:4-7

Altars:
Qazlal

Annotations:
D:3 Crazy Yiuf


Message History

Crazy Yiuf freezes you.
* * * LOW HITPOINT WARNING * * *
Your crimson imp hits the fungus.
Your crimson imp hits the fungus but does no damage.
Your white imp closely misses Crazy Yiuf.
Your crimson imp hits the fungus.
Your crimson imp blinks!
Your crimson imp hits the fungus.
Your crimson imp completely misses the fungus.
Your white imp barely misses Crazy Yiuf.
Your crimson imp hits the fungus.
Your crimson imp blinks!
Your crimson imp blinks!
Your crimson imp blinks!
Crazy Yiuf says, "Scoff!
Two sallow poople."
Your crimson imp blinks!
Crazy Yiuf misses you.
Crazy Yiuf cries, "Gum infinity hand!"
Crazy Yiuf hits you with a quarterstaff of chaos!
You die...

♣.♣♣ ##.## #.#..##
##.## ♣♣5♣♣ #...#
#.#..####.... ♣§PP♣♣
##..# #.#.......(.(
♣P.♣P♣
#..####.#.#####..((
##..## #.......#.#
##.##
#...§#####.#######[#
#(##
##...##.##.##......#
#(##
##..##.##g.#.######
#..) ##.##.##.@#)#
#### #.....5....# #
####.##..### #
#.##..# #.##..#
#.....# #######
##..#.# #......
#..#.# #.#####
#..#.# ##.##


You could see Crazy Yiuf and a friendly white imp.

Vanquished Creatures
  A fungus (D:3)
1 creature vanquished.

Vanquished Creatures (collateral kills)
  The ghost of sking99 the Bolt Thrower, an amateur KoHu (D:3)
  A howler monkey (D:3)
  An orc wizard (D:3)
  Terence (D:3)
  2 adders
  An ooze (D:3)
  A worm (D:2)
  A dart slug (D:1)
  2 leopard geckos
  3 orcs (D:3)
  2 bats
  6 hobgoblins
  4 jackals (D:1)
  4 kobolds
  2 quokkas
  2 frilled lizards
  3 goblins
  2 rats (D:3)
  A fungus (D:3)
40 creatures vanquished.

Grand Total: 41 creatures vanquished

Notes
Turn   | Place    | Note
-------+----------+-------------------------------------------
     0 | D:1      | lotte the Deep Elf Summoner began the quest for the Orb.
     0 | D:1      | Reached XP level 1. HP: 10/10 MP: 6/6
   725 | D:1      | Reached XP level 2. HP: 15/15 MP: 5/8
   729 | D:1      | Learned a level 2 spell: Call Imp
  1297 | D:2      | Found a stormy altar of Qazlal.
  1375 | D:2      | You fall through a shaft for 2 floors!
  1380 | D:4      | Noticed an ogre
  1486 | D:3      | Noticed sking99's ghost (amateur KoHu)
  1511 | D:3      | Killed sking99's ghost
  1511 | D:3      | Reached skill level 5 in Summonings
  1511 | D:3      | Reached XP level 3. HP: 19/19 MP: 3/10
  1551 | D:3      | Reached XP level 4. HP: 9/24 MP: 0/12
  2425 | D:3      | Noticed Terence
  2507 | D:3      | Killed Terence
  2589 | D:3      | Learned a level 4 spell: Summon Ice Beast
  3131 | D:3      | Found a runed door.
  3236 | D:3      | Noticed Crazy Yiuf
  3277 | D:3      | Slain by Crazy Yiuf

Skill      XL: |  1  2  3  4 |
---------------+-------------+-----
Dodging        | 3 4 |  4.0
Spellcasting   | 4 |  4.6
Summonings     | 5 |  5.3
Stealth        | |  2.4

Action                   |  1- 3 |  4- 6 || total
-------------------------+-------+-------++-------
Melee: Dagger            |     1 |   115 ||   116
 Cast: Summon Small Mamm |    29 |     1 ||    30
       Call Imp          |    20 |    33 ||    53
  Use: Potion            |       |     2 ||     2
  Eat: Chunk             |     2 |     6 ||     8
Armor: Robe              |     3 |     1 ||     4
Dodge: Dodged            |    10 |     9 ||    19
Block: Buckler           |     2 |     2 ||     4
